 Dungeon Crawl Stone Soup version 0.30-a0-845-g7c6808c8ce (webtiles) character file.

Game seed: 12373412398160183991

167 loam the Digger (level 5, 35/35 HPs)
             Began as a Demonspawn Earth Elementalist on Mar 2, 2023.
             Quit the game on level 4 of the Dungeon.
             The game lasted 00:04:05 (2860 turns).

loam the Digger (Demonspawn Earth Elementalist)     Turns: 2860, Time: 00:04:05

Health: 35/35      AC:  6    Str:  8    XL:     5   Next: 23%
Magic:  5/8        EV: 17    Int: 18    God:
Gold:   151        SH:  0    Dex: 14    Spells: 3/9 levels left

rFire   . . .      SeeInvis .    v - staff of conjuration
rCold   . . .      Faith    .    (no shield)
rNeg    . . .      Spirit   .    a - +0 robe
rPois   .          Reflect  .    x - +0 helmet
rElec   .          Rampage  .    m - scarf {harm}
rCorr   .          Harm     + .  i - +0 pair of gloves
Will    .....                    (no boots)
Stlth   ++                       (no amulet)
HPRegen 0.25/turn                c - +5 ring of evasion
MPRegen 0.11/turn                (no ring)

@: no status effects
A: claws 2, icy blue scales 1, demonic magic 1
a: no special abilities


You were on level 4 of the Dungeon.
You visited 1 branch of the dungeon, and saw 4 of its levels.

You collected 151 gold pieces.

Inventory:

Hand Weapons
 g - a +0 dagger
Missiles
 p - 3 poisoned darts
Armour
 a - a +0 robe (worn)
 i - a +0 pair of gloves (worn)
 m - a scarf of harm (worn)
 x - a +0 helmet (worn)
Magical Staves
 v - a staff of conjuration (weapon)
Jewellery
 c - a +5 ring of evasion (left hand)
 e - a ring of fire
Wands
 t - a wand of roots (14)
Scrolls
 d - 2 scrolls of teleportation
 h - a scroll of amnesia
 k - 2 scrolls of blinking
 l - a scroll of fear
Potions
 b - a potion of attraction {unknown}
 f - a potion of curing
 j - a potion of mutation
 n - a potion of haste
 o - 2 potions of magic
 q - 2 potions of brilliance
 r - a potion of berserk rage {unknown}
 s - a potion of ambrosia {unknown}
 u - a potion of cancellation {unknown}
 w - a potion of might {unknown}


   Skills:
 - Level 1.7 Dodging
 - Level 1.7 Stealth
 + Level 2.6 Spellcasting
 * Level 2.5 Conjurations
 - Level 0.8 Transmutations
 + Level 4.4 Earth Magic


You had 3 spell levels left.
You knew the following spells:

 Your Spells              Type           Power      Damage    Failure   Level
a - Sandblast             Erth           36%        2d10      2%          1
b - Stone Arrow           Conj/Erth      44%        3d9       12%         3
w - Passwall              Tmut/Erth      9%         N/A       9%          2

Your spell library contained the following spells:

 Spells                   Type           Power      Damage    Failure   Level
 Apportation              Tloc           4%         N/A       17%         1
 Dazzling Flash           Conj/Hex       20%        N/A       30%         3
 Petrify                  Tmut/Erth      11%        N/A       50%         4
 Alistair's Intoxication  Tmut/Pois      2%         N/A       98%         5
 Agony                    Necr           2%         N/A       99%         5
 Silence                  Hex/Air        1%         N/A       99%         5


Dungeon Overview and Level Annotations

Branches:
Dungeon (4/15)
 Temple: D:4-7

Altars:
Cheibriados
Dithmenos
Nemelex Xobeh
Uskayaw

Shops:
D:3 [   D:4 ?

Annotations:
D:2 Terence


Innate Abilities, Weirdness & Mutations

You have very sharp fingernails.
You are partially covered in icy blue scales. (AC +2)
Spells you cast may paralyse adjacent enemies.


Message History

Malevolent energies surge around you.
Your magical contamination has completely faded away.
You see here a +0 helmet.
You start putting on your armour.
You continue putting on your +0 helmet. x4
You finish putting on your +0 helmet.
Found an escape hatch in the ceiling.
There is an escape hatch in the ceiling here.
A goblin comes into view. It is wielding a +0 dagger.
A goblin is nearby!
A goblin is nearby!
A goblin is nearby!
A goblin comes into view. It is wielding a +0 club.
The goblin shouts!
A hobgoblin comes into view.
Casting: Sandblast (safe; 2% risk of failure)
Confirm with . or Enter, or press ? or * to list all spells.
Aiming: Sandblast (safe; 2% risk of failure)
Press: ? - help, Shift-Dir - straight line, f - goblin
Aim: a goblin, wielding a +0 dagger and wearing a +0 chain mail (82% to hit)
The blast of sand hits the goblin but does no damage.
Malevolent energies surge around you. The goblin completely misses you.
The goblin misses you.
Casting: Sandblast (safe; 2% risk of failure)
Confirm with . or Enter, or press ? or * to list all spells.
Aiming: Sandblast (safe; 2% risk of failure)
Press: ? - help, Shift-Dir - straight line, f/p - goblin
Aim: a goblin, wielding a +0 dagger and wearing a +0 chain mail (82% to hit)
The blast of sand hits the goblin.
The goblin is moderately wounded.
Malevolent energies surge around you.
The goblin suddenly stops moving!
The goblin hits you but does no damage.
Casting: Sandblast (safe; 2% risk of failure)
Confirm with . or Enter, or press ? or * to list all spells.
Aiming: Sandblast (safe; 2% risk of failure)
Press: ? - help, Shift-Dir - straight line, f/p - goblin
Aim: a goblin, wielding a +0 dagger and wearing a +0 chain mail (moderately wounded, paralysed, 100% to hit)
The blast of sand hits the goblin but does no damage.
The goblin is moderately wounded.
Malevolent energies surge around you.
The goblin suddenly stops moving!
Are you sure you want to abandon this character and quit the game? (Confirm with "yes".)

........# #.# #.#
#......)) ######..# #.#
#.# #........
#..#######.# #.#
#........ ##..........#
#.. #........
#.......######
...##........
#.......##...#
............
##.......##.#.#
#...##.###....
#........##...#.....##.
##..#
#..<.....##..@gg...# #
...#
#.##.....##...g....#
####.#.
#.##.................
...
#.###.............###
#.# #.#
#########.#.#... ...
..# ....#.### #.# ###
#.### # #.. ... #...#
.# ....# #


You could see a hobgoblin and 2 goblins.

Vanquished Creatures
  An iguana (D:4)
  3 gnolls
  3 adders (D:3)
  2 worms (D:3)
  2 dart slugs
  4 orcs
  3 endoplasms
  3 giant cockroaches
  5 goblins
  5 hobgoblins
  10 jackals
  2 quokkas
  7 ball pythons
  2 bats
  5 frilled lizards
  7 kobolds
  7 rats
71 creatures vanquished.

Notes
Turn   | Place    | Note
-------+----------+-------------------------------------------
     0 | D:1      | loam the Demonspawn Earth Elementalist began the quest for
                  | the Orb.
     0 | D:1      | Reached XP level 1. HP: 13/13 MP: 3/3
   325 | D:1      | Reached skill level 3 in Earth Magic
   336 | D:1      | Gained mutation: You have sharp fingernails. [demonic
                  | ancestry]
   336 | D:1      | Reached XP level 2. HP: 17/19 MP: 0/5
   942 | D:1      | Reached skill level 4 in Earth Magic
   942 | D:1      | Gained mutation: Spells you cast may paralyse adjacent
                  | enemies. [demonic ancestry]
   942 | D:1      | Reached XP level 3. HP: 21/24 MP: 1/6
   945 | D:1      | Learned a level 2 spell: Passwall
   949 | D:1      | Learned a level 3 spell: Stone Arrow
  1085 | D:2      | Reached skill level 1 in Conjurations
  1348 | D:2      | Gained mutation: You have very sharp fingernails. [demonic
                  | ancestry]
  1348 | D:2      | Reached XP level 4. HP: 30/30 MP: 3/7
  1519 | D:3      | Noticed Terence
  1571 | D:3      | Noticed a +0 dagger
  1571 | D:3      | Noticed a +0 hand axe
  1575 | D:3      | Found a hide-covered altar of Uskayaw.
  1598 | D:3      | Found Niyxahu's Antique Armour Boutique.
  2010 | D:3      | Found a snail-covered altar of Cheibriados.
  2196 | D:3      | Found a sparkling altar of Nemelex Xobeh.
  2313 | D:4      | Found a shadowy altar of Dithmenos.
  2470 | D:4      | Found Morutiw's Magic Scroll Emporium.
  2625 | D:4      | Gained mutation: You are partially covered in icy blue
                  | scales. (AC +2) [demonic ancestry]
  2625 | D:4      | Reached XP level 5. HP: 33/35 MP: 1/8
  2860 | D:4      | Quit the game

Illustrated notes

Levels and vault maps discovered:
D:1:      moated_graveyard_arrival, layout_basic
D:2:      layout_basic, kennysheep_boxes
D:3:      layout_rooms, dancing_weapons_uskayaw, old_standard_altar,
          general_overflow_altar, serial_shops,
          nicolae_shop_temple_entry_statues_fountains, uniq_terence
D:4:      layout_basic, mainiacjoe_overflow_six_doors_small, serial_shops,
          nicolae_shop_hallway_plus

Skill      XL: |  1  2  3  4 |
---------------+-------------+-----
Earth Magic    | 3 4 |  4.4
Conjurations   | 1 2 |  2.5
Dodging        | |  1.7
Stealth        | |  1.7
Spellcasting   | |  2.6
Transmutations | |  0.8

Action                     |  1- 3 |  4- 6 || total
---------------------------+-------+-------++-------
  Melee: Unarmed           |     6 |       ||     6
         Dagger            |     4 |     1 ||     5
   Cast: Sandblast         |    51 |    64 ||   115
    Use: Potion            |     1 |       ||     1
         Scroll            |     3 |     5 ||     8
 Armour: Robe              |     6 |     2 ||     8
  Dodge: Dodged            |    33 |    23 ||    56

Table legend: (Time is in decaauts)
 A = Elapsed time spent in this place.
 B = Non-inter-level travel time spent in this place.
 C = Inter-level travel time spent in this place.
 D = Time resting spent in this place.
 E = Time spent auto-exploring this place.
 F = Levels seen in this place.
 G = Mean time per level.
                   A        B        C        D        E       F      G
               +--------+--------+--------+--------+--------+-----+--------+
         Total |   2917 |   2762 |    155 |      0 |   2136 |   4 |  729.2 |
       Dungeon |   2917 |   2762 |    155 |      0 |   2136 |   4 |  729.2 |
               +--------+--------+--------+--------+--------+-----+--------+

Top non-repeatable levels by time:
     D:2: 978 daAuts
     D:3: 720 daAuts
     D:1: 641 daAuts
     D:4: 577 daAuts
